 Dungeon Crawl Stone Soup version 0.30.1 (webtiles) character file.

Game seed: 13333767900304863459

9790 cdecastro the Warrior (level 11, -8/117 HPs)
             Began as a Hill Orc Fighter on July 7, 2023.
             Was a High Priest of Makhleb.
             Mangled by a black draconian
             ... wielding a +0 long sword
              (19 damage)
             ... on level 1 of the Abyss.
             The game lasted 00:21:05 (10683 turns).

cdecastro the Warrior (Hill Orc Fighter)           Turns: 10683, Time: 00:21:06

Health: -8/117     AC: 11    Str: 24    XL:     11   Next: 52%
Magic:  17/17      EV:  8    Int:  8    God:    Makhleb [*****.]
Gold:   435        SH:  4    Dex: 10    Spells: 10/10 levels left

rFire   . . .        a - +0 war axe
rCold   . . .        c - +0 buckler
rNeg    + . .        p - +0 chain mail
rPois   .            (no helmet)
rElec   .            y - +0 cloak
rCorr   +            k - +0 pair of gloves
SInv    .            (no boots)
Will    .....        F - amulet of regeneration Stlth
                     L - ring of resist corrosion
HPRegen 1.19/turn    r - ring of positive energy
MPRegen 0.15/turn

%: random rage (3%)
@: mighty, on berserk cooldown
A: berserk 1
a: Renounce Religion, Minor Destruction, Lesser Servant of Makhleb, Major
Destruction, Greater Servant of Makhleb


You were on level 1 of the Abyss.
You worshipped Makhleb.
Makhleb was extremely pleased with you.
You visited 2 branches of the dungeon, and saw 11 of its levels.
You visited the Abyss 1 time.
You also visited: Ossuary.

You collected 695 gold pieces.
You spent 260 gold pieces at shops.

Inventory:

Hand Weapons
 a - a +0 war axe (weapon)
Missiles
 x - 2 throwing nets (quivered)
Armour
 c - a +0 buckler (worn)
 k - a +0 pair of gloves (worn)
 p - a +0 chain mail (worn)
 y - a +0 cloak (worn)
Jewellery
 q - a +6 ring of intelligence
 r - a ring of positive energy (right hand)
 F - an amulet of regeneration (around neck)
 L - a ring of resist corrosion (left hand)
 O - a ring of protection from fire
 P - an amulet of faith
Wands
 h - a wand of flame (19)
 G - a wand of polymorph (8)
 I - a wand of paralysis (2)
Scrolls
 b - 4 scrolls of amnesia {unknown}
 f - a scroll of brand weapon {unknown}
 g - 3 scrolls of blinking {unknown}
 i - 3 scrolls of fear {unknown}
 l - 2 scrolls of poison {unknown}
 s - 4 scrolls of magic mapping {unknown}
 v - 5 scrolls of teleportation
 z - 4 scrolls of immolation {unknown}
 A - 3 scrolls of noise {unknown}
 C - a scroll of enchant weapon {unknown}
 D - a scroll of acquirement {unknown}
 E - a scroll of enchant armour {unknown}
 J - a scroll of summoning {unknown}
 K - 2 scrolls of vulnerability {unknown}
Potions
 d - 4 potions of might
 e - 7 potions of curing
 j - 2 potions of ambrosia
 m - 3 potions of haste
 n - 3 potions of flight
 o - 4 potions of mutation
 t - 5 potions of brilliance
 u - 4 potions of heal wounds
 w - a potion of lignification
 B - 2 potions of invisibility
 H - a potion of attraction
 N - a potion of berserk rage
Miscellaneous
 M - a phial of floods


   Skills:
 * Level 17.2 Fighting
 - Level 11.0 Axes
 - Level 3.2 Armour
 - Level 3.2 Shields
 + Level 8.0 Invocations


You had 10 spell levels left.
You didn't know any spells.
Your spell library contained the following spells:

 Spells                   Type           Power      Damage    Failure   Level
 Apportation              Tloc           0%         N/A       96%         1
 Freeze                   Ice            0%         1d3       96%         1
 Kiss of Death            Conj/Necr      0%         2d5       96%         1
 Summon Small Mammal      Summ           0%         N/A       96%         1
 Lesser Beckoning         Tloc           0%         N/A       99%         2
 Call Canine Familiar     Summ           0%         N/A       100%        3
 Confusing Touch          Hex            0%         N/A       100%        3
 Frozen Ramparts          Ice            0%         1d1       100%        3
 Gell's Gravitas          Tloc           0%         N/A       100%        3
 Hailstorm                Conj/Ice       0%         3d3       100%        3
 Ozocubu's Armour         Ice            0%         N/A       100%        3
 Summon Guardian Golem    Hex/Summ       0%         N/A       100%        3
 Teleport Other           Tloc           0%         N/A       100%        3
 Dispel Undead            Necr           0%         3d6       100%        4
 Alistair's Intoxication  Tmut/Pois      0%         N/A       100%        5
 Ozocubu's Refrigeration  Ice            0%         4d7       100%        7


Dungeon Overview and Level Annotations

Branches:
Dungeon (10/15)            Temple (1/1) D:4             Orc (0/2) D:10
Ossuary (visited)
   Lair: D:8-11

Altars:
Ashenzari
Cheibriados
Dithmenos
Elyvilon
Fedhas
Gozag
Hepliaklqana
Kikubaaqudgha
Makhleb
Okawaru
Qazlal
Ru
Sif Muna
Trog
Uskayaw
Vehumet
Yredelemnul
Zin
The Shining One

Shops:
D:4 ==!


Innate Abilities, Weirdness & Mutations

You sometimes lose your temper in combat.


Message History

You slash the black draconian!
The black draconian is lightly wounded.
The black draconian hits you with a +0 long sword!
The black draconian breathes lightning at you.
The bolt of lightning hits you!!
* * * LOW HITPOINT WARNING * * *
You slash the black draconian!
The black draconian is lightly wounded.
The black draconian barely misses you.
You barely miss the black draconian.
The black draconian is lightly wounded.
The black draconian completely misses you.
You hit the black draconian.
The black draconian is lightly wounded.
The black draconian closely misses you.
The black draconian hits you but does no damage.
You slice the black draconian!!
The black draconian is moderately wounded.
The black draconian breathes lightning at you.
The bolt of lightning misses you.
You hear a horrible gurgling sound!
You slash the black draconian!
The black draconian is heavily wounded.
You feel yourself speed up.
The black draconian hits you with a +0 long sword!
* * * LOW HITPOINT WARNING * * *
The black draconian hits you but does no damage.
You slash the black draconian!
The black draconian is heavily wounded.
The black draconian hits you with a +0 long sword.
* * * LOW HITPOINT WARNING * * *
You slash the black draconian!
The black draconian is severely wounded.
The black draconian breathes lightning at you.
The bolt of lightning hits you!!!
* * * LOW HITPOINT WARNING * * *
You slice the black draconian!!
The black draconian is almost dead.
The black draconian hits you with a +0 long sword!!
You die...

# .
###.#.#####....
.......@d......
...............
............###
...##.#######
.. #. # #. #


You could see a black draconian.

Vanquished Creatures
  A tentacled starspawn (Abyss:1)
  A thrashing horror (Abyss:1)
  A troll (D:9)
  Prince Ribbit (D:6)
  A shadow (D:10)
  2 yaks (D:9)
  2 wyverns
  A steam dragon (D:8)
  Grum (D:9)
  A neqoxec (Abyss:1)
  A water moccasin (D:5)
  4 ice beasts
  5 orc warriors
  A black bear (D:7)
  7 ogres
  2 sky beasts
  3 wolves (D:9)
  6 centaurs
  An elf zombie (D:4)
  3 phantoms (D:5)
  A kobold brigand (D:10)
  3 gnoll sergeants
  Blork the orc (D:4)
  7 bullfrogs
  An elf skeleton (D:4)
  5 scorpions
  2 water moccasin zombies (Ossuary)
  8 wights
  14 killer bees
  4 howler monkeys
  6 orc priests
  4 hounds
  5 jellies
  2 human zombies (D:4)
  3 sleepcaps
  Jessica (D:3)
  2 human skeletons (D:4)
  Terence (D:2)
  3 gnoll boudas
  6 iguanas
  12 orc wizards
  2 mummies (Ossuary)
  10 gnolls
  8 adders
  2 white imps
  3 ufetubi
  2 adder zombies (Ossuary)
  2 worms
  3 dart slugs
  43 orcs
  6 ball pythons
  4 bats
  5 endoplasms
  2 giant cockroaches (D:2)
  4 gnoll zombies (Ossuary)
  7 goblins
  2 hobgoblins
  2 jackals (D:1)
  3 kobolds
  6 quokkas
  4 frilled lizards
  A hobgoblin zombie (Ossuary)
  5 kobold zombies (Ossuary)
  5 orc zombies (Ossuary)
  4 rats
271 creatures vanquished.

Vanquished Creatures (others)
  4 starspawn tentacles (Abyss:1)
4 creatures vanquished.

Grand Total: 275 creatures vanquished

Notes
Turn   | Place    | Note
-------+----------+-------------------------------------------
     0 | D:1      | cdecastro the Hill Orc Fighter began the quest for the Orb.
     0 | D:1      | Reached XP level 1. HP: 19/19 MP: 1/1
    74 | D:1      | Reached skill level 4 in Fighting
   110 | D:1      | Reached XP level 2. HP: 21/27 MP: 2/2
   530 | D:1      | Reached XP level 3. HP: 34/34 MP: 3/3
   983 | D:2      | Found a faded altar of an unknown god.
  1083 | D:2      | Reached skill level 5 in Fighting
  1265 | D:2      | Noticed Terence
  1269 | D:2      | Killed Terence
  1270 | D:2      | Reached XP level 4. HP: 42/42 MP: 4/4
  1940 | D:3      | Reached XP level 5. HP: 33/50 MP: 5/5
  1942 | D:3      | Reached skill level 6 in Fighting
  2054 | D:3      | Noticed Jessica
  2058 | D:3      | Killed Jessica
  2068 | D:3      | Identified the +1 leather armour "Leja" {rF++ MP+9 Int-5}
  2884 | D:4      | Reached XP level 6. HP: 58/58 MP: 6/6
  2955 | D:4      | Reached skill level 5 in Axes
  2964 | D:4      | Reached skill level 7 in Fighting
  3036 | D:4      | Found a staircase to the Ecumenical Temple.
  3111 | Temple   | Entered the Ecumenical Temple
  3156 | Temple   | Became a worshipper of Makhleb the Destroyer
  3196 | D:4      | Found a radiant altar of Vehumet.
  3221 | D:4      | Found Map Kyuv's Antique Weapon Shop.
  3226 | D:4      | Found Qahuiry's Jewellery Boutique.
  3228 | D:4      | Found Bistryka's Jewellery Shoppe.
  3228 | D:4      | Found Ycwebam's Distillery.
  3407 | D:4      | Reached skill level 8 in Fighting
  3407 | D:4      | Reached XP level 7. HP: 64/68 MP: 7/7
  3427 | D:4      | Found a sand-covered staircase.
  3440 | Ossuary  | Entered an ossuary
  3535 | Ossuary  | Reached * piety under Makhleb
  3857 | D:4      | Noticed Blork the orc
  3870 | D:4      | Killed Blork the orc
  3871 | D:4      | Reached skill level 9 in Fighting
  4023 | D:4      | Reached XP level 8. HP: 78/78 MP: 8/8
  4024 | D:4      | Found an ancient bone altar of Kikubaaqudgha.
  4080 | D:4      | Bought a potion of invisibility for 104 gold pieces
  4080 | D:4      | Bought a potion of ambrosia for 104 gold pieces
  4168 | D:4      | Found a snail-covered altar of Cheibriados.
  4320 | D:5      | Entered Level 5 of the Dungeon
  4391 | D:5      | Reached skill level 10 in Fighting
  4744 | D:5      | Found a glowing golden altar of the Shining One.
  4745 | D:5      | Found an iron altar of Okawaru.
  4754 | D:5      | Reached ** piety under Makhleb
  4865 | D:5      | Found a glowing silver altar of Zin.
  4865 | D:5      | Found a broken altar of Ashenzari.
  5000 | D:5      | Reached skill level 11 in Fighting
  5253 | D:5      | Reached XP level 9. HP: 37/89 MP: 9/9
  6045 | D:6      | Reached skill level 12 in Fighting
  6071 | D:6      | Reached *** piety under Makhleb
  6383 | D:4      | Bought a potion of brilliance for 52 gold pieces
  6480 | D:6      | Reached skill level 10 in Axes
  6491 | D:6      | Reached skill level 13 in Fighting
  6878 | D:6      | Reached XP level 10. HP: 90/102 MP: 10/10
  6978 | D:6      | Reached skill level 14 in Fighting
  7149 | D:6      | Noticed Prince Ribbit
  7157 | D:6      | Killed Prince Ribbit
  7355 | D:7      | Found a shadowy altar of Dithmenos.
  7444 | D:7      | Reached skill level 1 in Invocations
  8298 | D:8      | Reached **** piety under Makhleb
  8458 | D:8      | Reached skill level 15 in Fighting
  9202 | D:9      | Reached skill level 5 in Invocations
  9706 | D:9      | Noticed Grum
  9723 | D:9      | Reached skill level 16 in Fighting
  9723 | D:9      | Reached XP level 11. HP: 98/114 MP: 15/15
  9736 | D:9      | Killed Grum
 10091 | D:9      | Reached ***** piety under Makhleb
 10345 | D:10     | Entered Level 10 of the Dungeon
 10444 | D:10     | Found a staircase to the Orcish Mines.
 10472 | Abyss:1  | Cast into level 1 of the Abyss (gnoll sergeant)
 10496 | Abyss:1  | Noticed a lich
 10529 | Abyss:1  | Noticed a thrashing horror
 10534 | Abyss:1  | Noticed a tentacled starspawn
 10544 | Abyss:1  | Killed a thrashing horror
 10622 | Abyss:1  | Gained mutation: You sometimes lose your temper in combat.
                  | [a neqoxec]
 10639 | Abyss:1  | Noticed a tentacled starspawn
 10654 | Abyss:1  | Killed a tentacled starspawn
 10655 | Abyss:1  | Reached skill level 17 in Fighting
 10671 | Abyss:1  | Noticed a black draconian
 10683 | Abyss:1  | Mangled by a black draconian

Illustrated notes

Levels and vault maps discovered:
D:1:      lightli_arrival_quake, layout_basic, hangedman_abyss_or_decor_stabs
D:2:      layout_basic, shapermc_ecumenical_altar_ellora, uniq_terence
D:3:      kennysheep_six_static_rooms, layout_basic, minmay_crystal_room,
          uniq_jessica
D:4:      layout_loops_ring, kiku_gazebo_pond_becter,
          nicolae_overflow_hidden_temple, fiery_altar_vehumet, temple_doors_e,
          nicolae_ossuary_entry_catacombs, nicolae_wooded_promenade,
          uniq_blork_the_orc
D:5:      layout_basic, grunt_temple_overflow_open,
          hangedman_abyss_or_decor_jellyfish_corner,
          amcnicky_mini_rare_corridor_liquid, minmay_pentangle
D:6:      wad_guarded_room, layout_basic, uniq_prince_ribbit1
D:7:      layout_loops_cross, lemuel_tele_altar, amcnicky_mini_pool_small,
          hangedman_decor_slide_cut
D:8:      layout_loops_ring, minmay_microvault
D:9:      layout_stronghold, kennysheep_generic_room_7, uniq_grum
D:10:     layout_loops_ring, xom_butterflies, lemuel_doored_altar,
          lemuel_round_altar, kennysheep_orc_monster_closet_entryway
Temple:   nicolae_temple_bog_church
Abyss:1:  base: D:1, hangedman_decor_peaks_small

Skill      XL: |  1  2  3  4  5  6  7  8  9 10 11 |
---------------+----------------------------------+-----
Fighting       | 4 5 6 8 9 11 13 16 17 | 17.2
Axes           | 3 4 5 7 8 10 11 | 11.0
Invocations    | 5 8 |  8.0
Armour         | |  3.2
Shields        | |  3.2

Action                     |  1- 3 |  4- 6 |  7- 9 | 10-12 || total
---------------------------+-------+-------+-------+-------++-------
  Melee: War axe           |    86 |   148 |   383 |   450 ||  1067
    Use: Scroll            |       |       |     7 |     2 ||     9
         Potion            |       |       |     3 |     4 ||     7
 Armour: Scale mail        |    41 |     8 |       |       ||    49
         Chain mail        |       |    63 |   150 |   264 ||   477
         Skin              |       |       |       |    24 ||    24
  Dodge: Dodged            |    42 |    48 |   138 |   194 ||   422
  Block: Buckler           |    28 |    23 |    55 |    92 ||   198
